 BcadrenCrawl: Boulder Brew version 0.06-688-g08e91b2d95 (webtiles) character file.

Game seed: 16766674523565828695

1469 Leeroy the Quickloader (level 8, -5/72 HPs) Tengu Centaur. Began on Jan 22, 2023. Was an Initiate of Hepliaklqana. Slain by an ice beast (11 damage) ... on level 4 of the Dungeon. The game lasted 00:13:00 (3061 turns).

Leeroy the Quickloader (Tengu Centaur)              Turns: 3061, Time: 00:13:01

Health: -5/72      AC:  5    Str: 16    XL:     8 ^: 699
Magic:  9/9        EV: 20    Int: 12    God:    Hepliaklqana [0* [28]]
Gold:   78         SH:  0    Dex: 13    Spells: 7/7 levels left

rFire    . . .     Slash    x   a - +0 hand crossbow
rCold    . . .     Pierce   .   E - +0 long sword
rNeg     . . .     Bludgeon .   c - +0 leather armour
rCorr    . . .     Vision   .   (helmet restricted)
rPois    .         Gourm    .   e - +0 cloak
rElec    .         Faith    .   (no gloves)
MR       .....     Spirit   .   (no barding)
HPRegen  0.34/turn Reflect  .   (no amulet)
MPRegen  0.19/turn Harm     .   k - ring of evasion
Stlth    +.........             (no ring)

@: flying quickly and evasively, drained, very quick
A: large, reduced essence, beak, hippogriff form, talons, deformed body 1, speed
2, tengu flight, soft flesh, AC +3
a: Stop Flying, Recall Ancestor, Ancestor Identity, Renounce Religion


You were on level 4 of the Dungeon.
You worshipped Hepliaklqana.
Hepliaklqana was noncommittal.
You were not hungry.

You visited 1 branch of the dungeon, and saw 4 of its levels.

You collected 78 gold pieces.

Inventory:

Weapons
 a - a +0 hand crossbow (weapon)
 b - a +0 short sword
 w - a +4 quarterstaff
 A - a +1 flail of protection
 E - a +0 long sword (weapon) Shields
 F - a +0 targe
Armour
 c - a +0 leather armour (worn)
 e - a +0 cloak (worn)
 B - a +0 ring mail
Jewellery
 j - a cursed ring of protection from magic {(Curse: Dex-5)}
 k - a ring of evasion (left hand)
 n - a cursed amulet of chaos {(Curse: MR-)}
 t - a cursed ring of protection from magic {(Curse: *Drain)}
 u - an uncursed ring of fire
 x - an uncursed amulet of magic regeneration
 y - an uncursed amulet of reflection
Wands
 C - a wand of flame (25)
 D - a wand of hasting (2)
Scrolls
 g - a scroll of enchantment
 h - 5 scrolls of teleportation
 i - a scroll of magic mapping
 s - a scroll of fog
Potions
 f - a potion of invisibility
 m - a potion of haste
 p - a potion of curing
 q - a potion of might
 v - 2 potions of lignification
 z - a potion of magic
Comestibles
 d - 8 rations
 r - a chunk of flesh


   Skills:
 - Level 2.0(1.1) Fighting
 - Level 10.2(9.1) Crossbows
 + Level 7.3(6.4) Dodging
 - Level 1.0(0.1) Stealth


You had 7 spell levels left.
You didn't know any spells.
Your spell library was empty.

Dungeon Overview and Level Annotations

Branches:
Dungeon (4/8)
 Temple: D:4

Altars:
Hepliaklqana
Uskayaw
Vehumet

Annotations:
D:3 2 transporters, SamuraiZach's ghost, novice TrBe


Innate Abilities, Weirdness & Mutations

Your horsehide is resilient. (AC +3)
You have a beak for a mouth.
You have a hippogriff-like bottom half; talons in the front, hooves in the back.
Armour fits poorly on your strangely shaped body.
You cover ground very quickly.
You can fly continuously.
Your speed and evasion are boosted while flying.
Your soft flesh is weak to deep cuts.
Heavy manmade armour will nullify this weakness. (rSlashing-)
Your life essence is reduced to manifest your ancestor. (-10% HP)


Message History

Press: ? - help, Shift-Dir - straight line, f/p - ice beast
Aim: an ice beast (89%, 70% to-hit, heavily damaged (15/26), 63% (Melee))
You shoot a bolt.
The bolt pierces through the ice beast (5).
The ice beast is severely damaged. (10/26) HP
Aiming:
a - a +0 hand crossbow, Range: 3 (75%)
Press: ? - help, Shift-Dir - straight line, f/p - ice beast
Aim: an ice beast (89%, 70% to-hit, severely damaged (10/26), 63% (Melee))
You shoot a bolt.
The bolt stabs through the ice beast (3).
The ice beast is severely damaged. (7/26) HP You hit the ice beast but do no damage.
You peck the ice beast, but do no damage.
The ice beast is severely damaged. (8/26) HP The ice beast hits you but does no damage.
You don't know any spells.
The ice beast hits you (4).
* * * LOW HITPOINT WARNING * * *
The ice beast freezes you (11)!
You die...

# ... ....
#########....}
#.....@.......
#....Y........
#.............
.........$...###
.............#
###......†...#
#..........#
#..........#
#..........#


You could see an ice beast.

Vanquished Creatures
  Menkaure (D:3)
  Purgy (D:2)
  Edmund (D:3)
  A scorpion (D:3)
  2 ogres (D:3)
  A big kobold (D:2)
  Blork the orc (D:3)
  A howler monkey (D:3)
  4 hounds (D:3)
  A jelly (D:2)
  An iguana (D:3)
  An orc wizard (D:3)
  3 giant cockroaches
  An adder (D:3)
  A gwybwca (D:3)
  25 sewer rats
  3 cinder newts
  A bullfrog (D:2)
  An ooze (D:1)
  A hound skeleton (D:3)
  A dart slug (D:1)
  A leopard gecko (D:4)
  5 orcs (D:3)
  2 adder skeletons
  4 hobgoblins (D:1)
  2 jackals (D:3)
  4 kobolds (D:2)
  2 quokkas
  11 bats
  2 bat skeletons (D:2)
  4 goblins (D:1)
  2 rats (D:1)
  7 withered plants (D:2)
99 creatures vanquished.

Vanquished Creatures (collateral kills)
  A hound (D:3)
  An iguana (D:3)
  A worker ant (D:3)
  A boggart skeleton (D:4)
  An adder (D:3)
5 creatures vanquished.

Vanquished Creatures (others)
  A jelly (D:2)
  A spectral worker ant (D:4)
  2 spectral bullfrogs (D:4)
  A bat (D:2)
  2 ancestors
  7 giant blowflies (D:2)
  4 slimeheads (D:2)
  71 withered plants (D:2)
89 creatures vanquished.

Grand Total: 193 creatures vanquished

Notes
Turn   | Place    | Note
-------+----------+-------------------------------------------
     0 | D:1      | Leeroy the Tengu Centaur began the quest for the Orb.
     0 | D:1      | Reached XP level 1. HP: 24/24 MP: 2/2
   122 | D:1      | Reached skill level 5 in Crossbows
   172 | D:1      | Reached XP level 2. HP: 32/32 MP: 3/3
   533 | D:1      | Reached skill level 6 in Crossbows
   626 | D:1      | Reached XP level 3. HP: 17/40 MP: 4/4
   785 | D:2      | Reached skill level 7 in Crossbows
   813 | D:1      | Reached XP level 4. HP: 20/48 MP: 5/5
  1102 | D:2      | Reached skill level 8 in Crossbows
  1102 | D:2      | Gained mutation: You can fly continuously. Your speed and
                  | evasion are boosted while flying. [Tengu growth]
  1102 | D:2      | Reached XP level 5. HP: 41/56 MP: 6/6
  1368 | D:2      | Noticed Purgy
  1388 | D:2      | Killed Purgy
  1388 | D:2      | Reached skill level 9 in Crossbows
  1400 | D:2      | Reached XP level 6. HP: 64/64 MP: 7/7
  1438 | D:2      | Reached skill level 10 in Crossbows
  1660 | D:2      | Reached XP level 7. HP: 72/72 MP: 8/8
  1689 | D:3      | Noticed Menkaure
  1728 | D:3      | Killed Menkaure
  1875 | D:3      | Reached skill level 5 in Dodging
  1997 | D:3      | Noticed Blork the orc
  2041 | D:3      | Killed Blork the orc
  2143 | D:3      | Found a hide-covered altar of Uskayaw.
  2288 | D:3      | Reached XP level 8. HP: 64/81 MP: 9/9
  2448 | D:3      | Found a hazy altar of Hepliaklqana.
  2464 | D:3      | Became a worshipper of Hepliaklqana the Forgotten
  2514 | D:3      | Found a transporter.
  2514 | D:3      | Noticed SamuraiZach's ghost (novice TrBe)
  2518 | D:3      | Found a transporter.
  2671 | D:3      | Noticed Edmund
  2682 | D:3      | Killed Edmund
  2893 | D:3      | Found a radiant altar of Vehumet.
  3040 | D:4      | HP: 3/72 [bone scorpion (1)]
  3061 | D:4      | Slain by an ice beast

Illustrated notes

Levels and vault maps discovered:
D:1:      lightli_arrival_boilingwater, layout_basic, kennysheep_generic_room_8,
          portal_sewer_entry_c
D:2:      layout_sewer, first_ration, uniq_purgy, uniq_eustachio, uniq_terence
D:3:      layout_basic, lemuel_doored_altar, kennysheep_little_box,
          marbit_many_paths, serial_glass, glass_columns_c, glass_columns_c,
          glass_columns_a, glass_columns_a, glass_columns_a, glass_columns_a,
          gammafunk_ghost_arena, grunt_ogre_cave, uniq_edmund, uniq_menkaure,
          uniq_blork_the_orc
D:4:      layout_irregular_city, kennysheep_mini,
          lemuel_zombie_altar_yredelemnul, minmay_temple_entry_fiery,
          minmay_misc_feat_tower, uniq_maggie

Skill      XL: |  1  2  3  4  5  6  7  8 |
---------------+-------------------------+-----
Crossbows      | 5 6 7 8 9 10 | 10.2
Dodging        | 3 6 7 |  7.3
Fighting       | |  2.0
Stealth        | |  1.0

Action                   |  1- 3 |  4- 6 |  7- 9 || total
-------------------------+-------+-------+-------++-------
Melee: Unarmed           |     4 |       |       ||     4
       Tailslap          |     7 |    11 |    10 ||    28
       Short sword       |    35 |    71 |    29 ||   135
       Kick              |     4 |    15 |     8 ||    27
       Long sword        |       |       |     3 ||     3
 Fire: Hand crossbow     |    43 |    97 |   120 ||   260
 Abil: Fly               |       |     1 |       ||     1
  Use: Scroll            |       |       |     2 ||     2
       Potion            |       |       |     1 ||     1
  Eat: Chunk             |       |     2 |     3 ||     5
Armor: Leather armour    |     8 |    23 |    12 ||    43
Dodge: Dodged            |    15 |    28 |    26 ||    69
       Rpst.: Long sword |       |       |     2 ||     2
